AoeStats
← Fastfoxy

QS Arena

503442960Analyzed
4v4 RM · 1mo ago on Aug 31, 2026· 18m 22s· 8 players
Game mode
Random Map
Map size
Large (8 player)
Population
200
Speed
Normal
Resources
Standard
Victory
Conquest
Starting age
Dark Age
Ending age
Imperial Age
RankedLock teamsTeams togetherTeam positionsShared explorationLock speedFull tech treeHidden civsTurbo modeCheats
Victory
Defeat
🇩🇪 Portuguese · Germany
1346
+6
🇩🇪 Turks · Germany
1096
+16
🇩🇪 Huns · Germany
1022
+19
🇩🇪 Bulgarians · Germany
1015
+20
🇫🇷 Cumans · France
1174
-19
🇫🇷 Lithuanians · France
1104
-15
🇹🇷 Goths · Türkiye
1072
-14
🇫🇷 Teutons · France
1047
-13
uselessplayer
8:34 Feudal Age
12:29 Castle Age
10:23 Double-Bit Axe
11:39 Stone Mining
11:45 Horse Collar
17:27 Loom
17:16 Pikeman
Merguez celeste
0:30 Loom
10:27 Feudal Age
18:33 Castle Age
16:34 Fletching
16:57 Horse Collar
17:05 Double-Bit Axe
Dark Percival 15
4:26 Loom
8:25 Feudal Age
9:14 Man-at-Arms
13:29 Scale Mail Armor
Mesut Komser
0:29 Loom
8:58 Feudal Age
9:49 Double-Bit Axe
10:04 Horse Collar
14:49 Castle Age
17:58 Forging
Chi Ching Ping
8:02 Feudal Age
8:50 Double-Bit Axe
8:46 Horse Collar
13:35 Padded Archer Armor
13:26 Fletching
17:15 Castle Age
15:19 Padded Archer Armor
16:18 Fletching
16:45 Scale Barding Armor
16:55 Forging
Fastfoxy
10:09 Feudal Age
11:11 Double-Bit Axe
13:58 Castle Age
19:13 Imperial Age
Groot123
7:37 Feudal Age
11:59 Castle Age
10:33 Double-Bit Axe
10:47 Horse Collar
12:29 Loom
14:24 Bow Saw
17:19 Gold Mining
DrOhne (Tai)
9:02 Feudal Age
12:23 Castle Age
10:39 Loom
12:04 Double-Bit Axe
12:19 Fletching
15:53 Bodkin Arrow
Connection lost

Rejoining the realm…

Still unreachable

The connection could not be restored.

Session expired

The server has moved on; the page needs a fresh start.